 Dungeon Crawl Stone Soup version 0.21-a0-421-gfc1ce30 (webtiles) character file.

56 mcnuggets the Magician (level 3, -9/24 HPs)
             Began as a Mummy Ice Elementalist on Nov 4, 2017.
             Mangled by a gnoll
             ... wielding a +0 short sword
              (13 damage)
             ... on level 2 of the Dungeon.
             The game lasted 00:03:40 (2248 turns).

mcnuggets the Magician (Mummy Ice Elementalist)     Turns: 2248, Time: 00:03:41

Health: -9/24      AC:  2    Str: 11    XL:     3   Next: 69%
Magic:  2/8        EV: 12    Int: 15    God:
Gold:   112        SH:  0    Dex: 12    Spells: 6/9 levels left

rFire    x . .     SeeInvis .   c - +0 dagger
rCold    + . .     Gourm    .   (no shield)
rNeg     + + +     Faith    .   a - +0 robe
rPois    ∞         Spirit   .   (no helmet)
rElec    .         Reflect  .   (no cloak)
rCorr    .         Harm     .   (no gloves)
MR       .....                  (no boots)
Stlth    ++........             d - amulet of rage
HPRegen  0.08/turn              (no ring)
MPRegen  0.11/turn              (no ring)

@: no status effects
A: no food or potions, fire vulnerability, cold resistance 1, negative energy
resistance 3, torment resistance, unbreathing
a: no special abilities


You were on level 2 of the Dungeon.
You were not hungry.

You visited 1 branch of the dungeon, and saw 2 of its levels.

You collected 112 gold pieces.

Inventory:

Hand Weapons
 c - a +0 dagger (weapon)
Armour
 a - a +0 robe (worn)
Jewellery
 d - an amulet of rage (around neck)
Scrolls
 e - a scroll of identify {unknown}
 f - a scroll of teleportation {unknown}
Books
 b - a book of Frost

   Spells                             Type                      Level
   a - Freeze                         Ice                          1
   b - Throw Frost                    Conjuration/Ice              2
   c - Ozocubu's Armour               Charms/Ice                   3
   d - Throw Icicle                   Conjuration/Ice              4
   e - Summon Ice Beast               Ice/Summoning                4


   Skills:
 - Level 1.5 Dodging
 - Level 1.5 Stealth
 + Level 3.5 Spellcasting
 - Level 0.7 Conjurations
 + Level 3.5 Ice Magic


You had 6 spell levels left.
You knew the following spells:

 Your Spells              Type           Power        Failure   Level  Hunger
a - Freeze                Ice            ##..         4%          1    N/A
b - Throw Frost           Conj/Ice       #.....       12%         2    N/A

Dungeon Overview and Level Annotations

Branches:
Dungeon (2/15)

Altars:


Innate Abilities, Weirdness & Mutations

You do not eat or drink.
Your flesh is vulnerable to fire.
You are immune to poison.
Your flesh is cold resistant. (rC+)
You are immune to negative energy. (rN+++)
You are immune to unholy pain and torment.
You can survive without breathing.


Message History

* * * LOW HITPOINT WARNING * * *
Casting: Freeze
Confirm with . or Enter, or press ? or * to list all spells.
Aiming: Freeze
Press: ? - help, Shift-Dir - straight line, f/p - gnoll
Aim: a gnoll, wielding a short sword (lightly wounded)
You freeze the gnoll.
The gnoll is heavily wounded.
The gnoll hits you with a short sword.
* * * LOW HITPOINT WARNING * * *
Casting: Freeze
Confirm with . or Enter, or press ? or * to list all spells.
Aiming: Freeze
Press: ? - help, Shift-Dir - straight line, f/p - gnoll
Aim: a gnoll, wielding a short sword (heavily wounded)
You freeze the gnoll.
The gnoll is almost dead.
The gnoll hits you with a short sword!
Ouch! That really hurt!
You die...

.8 ##.......#
..##........#######
.>#.........g....#
.####.....######)#
#.......######'#
#.......!#...#.# ##
#.......#.#)#.# ...
#.......#.#.#.#
#.####......#.#@#.#
#.....#.).#.#.#.g.#
#.g.#.####..#.#####
...#gg.......#.#...#
g. ###..#....#.#.#.#
. ##.....##.#.#.#
##...###.#.#.# .
##..###...#.#
..##### #....#####.#


You could see a gnoll.

Vanquished Creatures
  A gnoll (D:2)
  An adder (D:2)
  A worm (D:2)
  4 leopard geckos
  A giant cockroach (D:1)
  A hobgoblin (D:1)
  5 jackals (D:1)
  4 bats
  A frilled lizard (D:1)
  2 goblins
  4 kobolds
  4 rats
29 creatures vanquished.

Notes
Turn   | Place    | Note
-------+----------+-------------------------------------------
     0 | D:1      | mcnuggets the Mummy Ice Elementalist began the quest for the Orb.
     0 | D:1      | Reached XP level 1. HP: 13/13 MP: 4/4
   389 | D:1      | Reached XP level 2. HP: 11/19 MP: 2/5
  1320 | D:1      | Learned a level 2 spell: Throw Frost
  1773 | D:2      | Reached XP level 3. HP: 24/24 MP: 4/7
  2248 | D:2      | Mangled by a gnoll

Vault maps used:
D:1:      minmay_arrival_nine_rooms, minmay_misc_feat_doors,
          serial_park_tiny_pond, moated_statue
D:2:      nicolae_overflow_hidden_temple, zin_angel,
          chequers_ecumenical_altar_twisty, first_bread, roderic_serpentine_path

Skill      XL: |  1  2 |
---------------+-------+-----
Ice Magic      | 3 |  3.5
Spellcasting   | 3 |  3.5
Dodging        | |  1.5
Stealth        | |  1.5
Conjurations   | |  0.7

Action                   || total
-------------------------++-------
Melee: Dagger            ||    17
 Cast: Freeze            ||    48
       Throw Frost       ||     2
 Stab: Sleeping          ||     5
Armor: Robe              ||    14
Dodge: Dodged            ||    32

Table legend:
 A = Spawn XP
 B = Non-spawn XP
 C = Spawn XP percentage of total XP
 D = Spawn monster count
 E = Non-spawn monster count
 F = Spawn count percentage of total count
 G = Total turns spent on level
                    A         B        C        D         E        F      G
               +---------+---------+-------+---------+---------+-------+---------
         Total |       0 |      80 |   0.0 |       0 |      29 |   0.0 |  2248
               +---------+---------+-------+---------+---------+-------+---------
           D:1 |       0 |      36 |   0.0 |       0 |      20 |   0.0 |  1770
           D:2 |       0 |      44 |   0.0 |       0 |       9 |   0.0 |   478
               +---------+---------+-------+---------+---------+-------+---------
